 Dungeon Crawl Stone Soup version 0.28-a0-1236-gb25a51b929 (webtiles) character file.

Game seed: 9032689108017963642

374441 frimble the Warrior (level 21, -14/192 HPs)
             Began as a Demonspawn Warper on Dec 26, 2021.
             Was the Champion of Cheibriados.
             Killed from afar by a war gargoyle (39 damage)
             ... with a spray of metal splinters
             ... on level 4 of the Vaults.
             The game lasted 01:50:05 (65640 turns).

frimble the Warrior (Demonspawn Warper)            Turns: 65640, Time: 01:50:05

Health: -14/192    AC: 24    Str: 27    XL:     21   Next: 76%
Magic:  3/34       EV: 21    Int: 47    God:    Cheibriados [******]
Gold:   3777       SH: 15    Dex: 30    Spells: 10/38 levels left

rFire   . . .      SeeInvis +   y - +8 autumn katana {vorpal, manifold assault}
rCold   + . .      Faith    .   w - +0 buckler
rNeg    . . .      Spirit   .   n - +4 troll leather armour
rPois   +          Reflect  +   T - +2 hat {SInv}
rElec   .          Harm     .   A - +2 cloak {Will+}
rCorr   .          Rampage  .   (gloves unavailable)
Will    +++..                   v - +1 pair of boots
Stlth   +++++.....              O - amulet of reflection
HPRegen 1.22/turn               i - ring "Deoco" {Wiz rPois Will+}
MPRegen 0.24/turn               l - ring "Rysa" {Fly rC+ Int+9}

@: sanguine armoured, flying, studying Polearms, very slow
A: foul stench 3, robust 1, sanguine armour 2, demonic magic 3, demonic touch 3
}: 2/15 runes: barnacled, gossamer
a: Renounce Religion, Bend Time, Temporal Distortion, Slouch, Step From Time


You were on level 4 of the Vaults.
You worshipped Cheibriados.
Cheibriados was exalted by your worship.
You visited 9 branches of the dungeon, and saw 41 of its levels.
You also visited: Gauntlet and Ice Cave.

You collected 7583 gold pieces.
You spent 3806 gold pieces at shops.

Inventory:

Hand Weapons
 y - the +8 autumn katana (weapon) {vorpal, manifold assault}
   (You bought it in a shop on level 3 of the Elven Halls)

   It sometimes launches melee attacks against multiple visible enemies.
 L - the +6 double sword of Undoing {vorpal, rElec Str+4 Int+6 Dex-2}
   (You acquired it on level 1 of the Dungeon)

   It inflicts extra damage upon your enemies.
   Str:       It affects your strength (+4).
   Int:       It affects your intelligence (+6).
   Dex:       It affects your dexterity (-2).
   rElec:     It insulates you from electricity.
Missiles
 c - 23 silver javelins
 s - 5 throwing nets
 F - 9 silver boomerangs
 J - 9 javelins
 P - 13 boomerangs (quivered)
Armour
 h - a +0 kite shield
 n - a +4 troll leather armour (worn)
 v - a +1 pair of boots (worn)
 w - a +0 buckler (worn)
 A - a +2 cloak of willpower (worn)
 T - a +2 hat of see invisible (worn)
Jewellery
 i - the ring "Deoco" (left hand) {Wiz rPois Will+}
   (You acquired it on level 3 of the Elven Halls)

   [ring of wizardry]

   It improves your spell success rate.
   rPois:     It protects you from poison.
   Will:      It increases your willpower.
 l - the ring "Rysa" (right hand) {Fly rC+ Int+9}
   (You acquired it on level 4 of the Dungeon)

   [ring of flight]

   Int:       It affects your intelligence (+9).
   rC:        It protects you from cold.
   Fly:       It grants you flight.
 C - a +4 ring of protection
 D - the ring of Darkness {rF+++ rC+ rCorr Slay-2}
   (You found it in an ice cave)

   [ring of protection from cold]

   Slay:      It affects your accuracy & damage with ranged weapons and melee
   (-2).
   rF:        It renders you almost immune to fire.
   rC:        It protects you from cold.
   rCorr:     It protects you from acid and corrosion.
 O - an amulet of reflection (around neck)
 X - the ring of the King {+Blink Fly}
   (You took it off a deep elf annihilator on level 3 of the Elven Halls)

   [ring of flight]

   Fly:       It grants you flight.
   +Blink:    It lets you blink.
Wands
 m - a wand of mindburst (21)
 p - a wand of iceblast (18)
 q - a wand of paralysis (15)
 t - a wand of digging (16)
 K - a wand of acid (19)
Scrolls
 b - 4 scrolls of enchant weapon
 d - 12 scrolls of immolation
 e - 18 scrolls of identify
 f - 7 scrolls of vulnerability
 o - 7 scrolls of fog
 x - 12 scrolls of blinking
 H - 10 scrolls of teleportation
 M - 2 scrolls of silence
 W - 6 scrolls of brand weapon
 Y - 2 scrolls of magic mapping
 Z - 2 scrolls of amnesia
Potions
 g - a potion of brilliance
 j - 7 potions of might
 k - a potion of invisibility
 u - 2 potions of heal wounds
 z - 2 potions of attraction
 B - 4 potions of curing
 E - 5 potions of flight
 G - 10 potions of ambrosia
 I - 3 potions of resistance
 N - 2 potions of magic
 Q - 4 potions of mutation
 S - a potion of cancellation
 U - 2 potions of berserk rage
 V - 3 potions of lignification
Miscellaneous
 a - a condenser vane
 r - a tin of tremorstones (2/2)
 R - a box of beasts


   Skills:
 - Level 17.4 Fighting
 - Level 14.0 Long Blades
 - Level 8.6 Throwing
 - Level 0.8 Armour
 - Level 8.5 Dodging
 - Level 8.6 Stealth
 - Level 15.0 Shields
 - Level 9.0 Spellcasting
 - Level 6.0 Conjurations
 - Level 6.5 Translocations
 - Level 5.3 Transmutations
 + Level 15.7 Fire Magic
 - Level 7.0 Ice Magic
 - Level 5.5 Poison Magic
 - Level 15.0 Invocations
 - Level 9.6 Evocations


You had 10 spell levels left.
You knew the following spells:

 Your Spells              Type           Power      Damage    Failure   Level
a - Blink                 Tloc           100%       N/A       1%          2
b - Frozen Ramparts       Ice            100%       1d12      1%          3
c - Passage of Golubria   Tloc           70%        N/A       1%          4
d - Ignite Poison         Fire/Tmut/Pois 81%        N/A       1%          3
e - Irradiate             Conj/Tmut      32%        3d24      1%          5
f - Apportation           Tloc           100%       N/A       1%          1
g - Passwall              Tmut/Erth      38%        N/A       1%          2
h - Ignition              Fire           53%        3d15      6%          8

Your spell library contained the following spells:

 Spells                   Type           Power      Damage    Failure   Level
 Scorch                   Fire           100%       2d10      0%          2
 Animate Skeleton         Necr           42%        N/A       1%          1
 Freeze                   Ice            100%       1d11      1%          1
 Magic Dart               Conj           100%       1d8       1%          1
 Slow                     Hex            84%        N/A       1%          1
 Summon Small Mammal      Summ           84%        N/A       1%          1
 Call Imp                 Summ           21%        N/A       1%          2
 Corpse Rot               Necr/Air       42%        N/A       1%          2
 Ensorcelled Hibernation  Hex/Ice        100%       N/A       1%          2
 Poisonous Vapours        Pois/Air       94%        N/A       1%          2
 Static Discharge         Conj/Air       49%        N/A       1%          2
 Call Canine Familiar     Summ           21%        N/A       1%          3
 Confusing Touch          Hex            21%        N/A       1%          3
 Conjure Flame            Conj/Fire      89%        6-21      1%          3
 Dazzling Flash           Conj/Hex       98%        N/A       1%          3
 Gell's Gravitas          Tloc           70%        N/A       1%          3
 Inner Flame              Hex/Fire       76%        N/A       1%          3
 Lesser Beckoning         Tloc           70%        N/A       1%          3
 Mephitic Cloud           Conj/Pois/Air  55%        N/A       1%          3
 Ozocubu's Armour         Ice            72%        N/A       1%          3
 Spider Form              Tmut/Pois      64%        N/A       1%          3
 Summon Guardian Golem    Hex/Summ       21%        N/A       1%          3
 Swiftness                Air            21%        N/A       1%          3
 Teleport Other           Tloc           70%        N/A       1%          3
 Tukima's Dance           Hex            21%        N/A       1%          3
 Flame Wave               Conj/Fire      89%        2d12      1%          4
 Hailstorm                Conj/Ice       70%        3d15      1%          4
 Iskenderun's Mystic Bla  Conj/Tloc      69%        2d14      1%          4
 Olgreb's Toxic Radiance  Pois           64%        N/A       1%          4
 Sticky Flame             Conj/Fire      89%        2d10      1%          4
 Summon Ice Beast         Ice/Summ       52%        N/A       1%          4
 Alistair's Intoxication  Tmut/Pois      42%        N/A       1%          5
 Blade Hands              Tmut           32%        N/A       1%          5
 Fireball                 Conj/Fire      44%        3d18      1%          5
 Manifold Assault         Tloc           70%        N/A       1%          5
 Starburst                Conj/Fire      44%        6d12      1%          6
 Freezing Cloud           Conj/Ice/Air   29%        6-21      2%          5
 Metabolic Englaciation   Hex/Ice        26%        N/A       3%          5
 Lightning Bolt           Conj/Air       24%        1d40      4%          5
 Summon Forest            Summ/Tloc      25%        N/A       4%          5
 Yara's Violent Unravell  Hex/Tmut       23%        3d10      4%          5
 Airstrike                Air            10%        N/A       5%          4
 Animate Armour           Summ/Erth      42%        N/A       5%          4
 Cause Fear               Hex            10%        N/A       5%          4
 Dispel Undead            Necr           21%        3d11      5%          4
 Summon Lightning Spire   Summ/Air       21%        N/A       5%          4
 Dispersal                Tloc           35%        N/A       6%          6
 Silence                  Hex/Air        10%        N/A       16%         5
 Summon Mana Viper        Hex/Summ       21%        N/A       16%         5
 Simulacrum               Ice/Necr       26%        N/A       19%         6
 Conjure Ball Lightning   Conj/Air       24%        3x3d7     24%         6
 Iron Shot                Conj/Erth      24%        9d5       24%         6
 Ozocubu's Refrigeration  Ice            36%        4d12      26%         7
 Orb of Destruction       Conj           33%        9d12      34%         7
 Dragon Form              Tmut           32%        N/A       43%         7
 Summon Cactus Giant      Summ           10%        N/A       58%         6
 Malign Gateway           Summ/Tloc      25%        N/A       71%         7
 Spellforged Servitor     Conj/Summ      24%        N/A       75%         7
 Disjunction              Tloc           35%        N/A       90%         8
 Monstrous Menagerie      Summ           10%        N/A       98%         7
 Discord                  Hex            10%        N/A       100%        8
 Polar Vortex             Ice            36%        N/A       100%        9


Dungeon Overview and Level Annotations

Branches:
Dungeon (15/15)            Temple (1/1) D:6            Lair (6/6) D:9
 Shoals (4/4) Lair:4       Spider (4/4) Lair:2        Slime (0/5) Lair:6
    Orc (2/2) D:9             Elf (3/3) Orc:2        Vaults (5/5) D:13
  Crypt (0/3) Vaults:3     Depths (1/4) D:15          IceCv (visited)
Gauntlet (visited)

Altars:
Ashenzari
Cheibriados
Dithmenos
Elyvilon
Fedhas
Gozag
Hepliaklqana
Kikubaaqudgha
Makhleb
Nemelex Xobeh
Okawaru
Qazlal
Ru
Sif Muna
Trog
Uskayaw
Vehumet
Wu Jian
Xom
Yredelemnul
Zin
The Shining One
Beogh
Jiyva

Shops:
D:1 ?   Orc:2 *?*?   Elf:2 (   Elf:3 ::=*   Vaults:1 (   Vaults:2 (

Portals:
Hell: Depths:1
Trove: Vaults:4 (give +4 storm dragon scales)

Annotations:
Elf:2 3 runed translucent doors
Vaults:1 2 transporters, SirDiesAlot's ghost, adept MiDe


Innate Abilities, Weirdness & Mutations

You frequently emit foul miasma when damaged in melee.
You are robust. (+10% HP)
When seriously injured, your blood forms thick armour. (AC +9)
Spells you cast and wands you use may paralyse nearby enemies.
Your touch may irresistibly damage your foes and sap their willpower.


Message History

The tentacled monstrosity completely misses you.
The tentacled monstrosity constricts you!
A yaktaur captain comes into view.
A vault sentinel comes into view. It is wielding a +4 vorpal long sword.
The deep troll shouts!
You slash the tentacled monstrosity!
You kill the tentacled monstrosity!
Cheibriados appreciates the change of pace.
The war gargoyle barely misses you.
The yaktaur captain shoots a bolt.
The bolt hits you!!!
* * * LOW HITPOINT WARNING * * *
A war gargoyle comes into view.
It is wielding a +2 dire flail of protection.
The yaktaur captain wields a +0 arbalest.
The yaktaur captain shoots a bolt.
The bolt hits you!!!
* * * LOW HITPOINT WARNING * * *
You hear a deafening roar!
An ironbound preserver comes into view.
It is wielding a +0 dire flail and wearing a +2 leather armour of poison resistance.
You feel much better.
The white very ugly thing is no longer paralysed.
A war gargoyle comes into view. It is wielding a +0 dire flail.
The war gargoyle misses you.
The war gargoyle hits you with a +2 vorpal dire flail.
* * * LOW HITPOINT WARNING * * *
x2 The yaktaur captain shoots a bolt.
The bolt hits you but does no damage.
The vault sentinel blows a loud note on a signal horn!
The white very ugly thing trunk-slaps you but does no damage.
The war gargoyle completely misses you.
The ironbound preserver casts a spell.
The ironbound preserver begins to accept its allies' injuries.
The orc wizard points at you and mumbles some strange words.
The magic dart hits you but does no damage.
You hear a shout!
You fly upwards.
There is a stone staircase leading down, spattered with blood here.
Casting: Ignition (dangerous; 6% risk of failure)
Confirm with . or Enter, or press ? or * to list all spells.
You blink.
Malevolent energies surge around you.
The war gargoyle launches metal splinters at you.
The spray of metal splinters hits you!!!
You die...

.................................
.................................
#############....................
#....[[...).###'#######..........
#...(..)....#.........#..........
#..###.###..#.(.###...###########
#..#.....#..#..#.###..'........##
#..#.....#..#.#..[#####.#........
#.....#.....'.##@..## ######.....
#..#.....#..#.###.(.## #.........
#..#....)#..#..###9ยง.#
#..#....## #..###.###..#.=.###u.#
#.......)# #...........#...# ####
#####..).)
#...........###################)#
###'#########.................[).
........................(........
.................................


You could see a white very ugly thing and a war gargoyle (catching breath).

Vanquished Creatures
  Mara (Vaults:4)
  The ghost of Qanuace the Warrior, a veteran DsFi of Okawaru (Vaults:4)
  A tentacled monstrosity (Vaults:5)
  Mlioglotl (Spider:1)
  2 deep elf blademasters (Elf:3)
  2 deep elf master archers (Elf:3)
  3 sphinxes
  A kraken (Shoals:1)
  A shadow dragon (Vaults:5)
  A tengu reaver (Vaults:1)
  A rockslime (IceCv)
  3 azure jellies (IceCv)
  2 frost giants (D:15)
  3 orc warlords
  3 deep elf sorcerers
  4 ghost moths
  9 vault wardens
  A deep elf elementalist (Elf:3)
  3 emperor scorpions
  4 quicksilver oozes (IceCv)
  4 very ugly things
  2 war gargoyles
  4 stone giants
  2 ghouls (D:15)
  14 ironbound preservers
  6 ironbound thunderhulks
  The ghost of Ziry the Frost Mage, a journeyman DgIE (Lair:5)
  8 deep elf demonologists
  6 deep elf annihilators (Elf:3)
  4 dire elephants
  4 minotaurs
  3 spark wasps
  9 entropy weavers
  5 deep elf death magi (Elf:3)
  3 merfolk impalers
  5 yaktaur captains
  A merfolk javelineer (Shoals:4)
  Josephine (D:11)
  A deep elf high priest (Elf:3)
  A fire dragon (Lair:6)
  The ghost of Alu Unuk the Grappler, a journeyman TrTm of Okawaru (D:11)
  3 great orbs of eyes
  An ettin (Orc:2)
  5 boulder beetles
  30 vault guards
  An alligator snapping turtle (Shoals:3)
  A peacekeeper (Vaults:1)
  2 catoblepae
  9 hydras
  3 merfolk avatars (Shoals:4)
  An alligator (Lair:5)
  The ghost of EonDragon20 the Arsonist, a journeyman DrFE of Sif Muna (Lair:1)
  7 ironbound frosthearts
  The ghost of HuGe the Cleaver, a novice MiBe of Trog (D:10)
  7 two-headed ogres
  9 satyrs
  12 centaur warriors
  6 tengu warriors
  13 dancing weapons
  A vampire mage (Vaults:3)
  An orc high priest (Orc:2)
  A deep troll shaman (D:15)
  4 death yaks (Lair:3)
  42 slime creatures
  Urug (Lair:6)
  11 deep elf knights
  A shadow wraith (Vaults:2)
  55 deep trolls
  A skeletal warrior (D:15)
  A flayed ghost (D:15)
  13 sea snakes
  9 wizards
  10 deep elf archers
  A phantasmal warrior (D:15)
  3 orange crystal statues (IceCv)
  3 necromancers
  9 lindwurms
  20 harpies
  A wolf spider zombie (D:15)
  38 wolf spiders
  A sphinx zombie (Vaults:4)
  15 ironbound convokers
  18 deep elf pyromancers
  29 ugly things
  44 fauns
  20 orb spiders
  17 deep elf zephyrmancers
  16 orc knights
  An oklob plant (Gauntlet)
  3 orc sorcerers
  8 cyclopes
  A manticore (shapeshifter) (D:15)
  18 manticores
  2 salamanders (shapeshifter)
  A guardian serpent (shapeshifter) (Elf:2)
  2 moths of wrath
  6 merfolk sirens
  A rust devil (Gauntlet)
  7 black mambas
  10 torpor snails
  3 water nymphs
  9 vault sentinels
  Maurice (D:9)
  A gargoyle (D:12)
  17 cane toads
  4 kobold demonologists
  A yaktaur zombie (Vaults:2)
  37 yaktaurs
  An eye of devastation (shapeshifter) (Elf:3)
  14 demonic crawlers
  A komodo dragon (shapeshifter) (D:13)
  8 komodo dragons
  2 entropy weaver simulacra (IceCv)
  A very ugly thing simulacrum (IceCv)
  A redback zombie (D:15)
  3 trolls
  A queen bee (shapeshifter) (Elf:3)
  3 tengu conjurers
  A yaktaur skeleton (Vaults:4)
  A human skeleton (Vaults:4)
  10 hornets
  10 wind drakes
  48 jumping spiders
  10 polar bears
  24 merfolk
  3 tyrant leeches (Lair:6)
  A raiju (Lair:6)
  9 snapping turtles
  13 dream sheep
  18 blink frogs
  A human simulacrum (Vaults:4)
  A meliai zombie (D:9)
  3 small abominations (Gauntlet)
  A redback (shapeshifter) (Vaults:3)
  2 air elementals
  8 water elementals
  37 tarantellas
  95 redbacks
  7 fire elementals
  4 vampires
  2 humans (D:13)
  A ynoxinul (Gauntlet)
  4 wraiths
  A shadow (D:12)
  2 wyverns
  25 yaks
  7 basilisks
  4 vampire mosquitoes
  4 demonic crawler simulacra (IceCv)
  4 swamp worms (Lair:1)
  An elf skeleton (Vaults:2)
  16 wargs
  3 acid dragons
  14 hell hounds (Lair:6)
  9 water moccasins
  A sky beast (D:6)
  2 large abominations (Gauntlet)
  53 orc warriors
  2 ice beasts
  14 black bears
  An ugly thing simulacrum (IceCv)
  A necrophage (D:4)
  2 human zombies
  4 boggarts (D:15)
  29 wolves
  7 ogres
  15 centaurs
  2 kobold brigands
  11 bullfrogs
  2 scorpions
  An ogre simulacrum (Vaults:2)
  A glowing shapeshifter simulacrum (Vaults:2)
  3 earth elementals
  4 howler monkeys
  18 killer bees
  4 electric eels
  7 wights
  6 centaur zombies
  A jelly (D:7)
  2 hounds
  13 orc priests
  2 bullfrog skeletons (D:5)
  2 centaur skeletons
  2 iguanas
  4 iron imps (Gauntlet)
  20 orc wizards
  2 mummies (D:15)
  A hound skeleton (D:5)
  7 gnolls
  2 howler monkey zombies
  2 howler monkey skeletons
  8 adders
  2 shadow imps
  4 white imps
  2 ufetubi
  An adder skeleton (D:4)
  A worm (D:2)
  3 dart slugs
  130 orcs
  13 ball pythons
  10 endoplasms
  6 giant cockroaches
  9 goblins
  3 hobgoblins
  3 jackals (D:1)
  4 quokkas
  5 bats
  A frilled lizard (D:2)
  20 kobolds
  3 rats
1680 creatures vanquished.

Vanquished Creatures (collateral kills)
  Rupert (D:14)
  2 deep elf sorcerers
  A deep elf demonologist (Elf:3)
  A deep elf death mage (Elf:3)
  A hydra (D:14)
  2 orb spiders (Spider:4)
  A deep elf zephyrmancer (Elf:1)
  A wolf spider (Spider:4)
  A cyclops (D:14)
  A tarantella (Spider:4)
  2 orc warriors (Orc:2)
  2 orcs (Orc:2)
16 creatures vanquished.

Vanquished Creatures (others)
  A wizard (Vaults:1)
  A deep elf zephyrmancer (Elf:2)
  2 manticores
  A yaktaur (Vaults:1)
  A demonic crawler simulacrum (IceCv)
  An orc wizard (D:6)
  21 demonic plants (Gauntlet)
  39 fungi
  89 plants
  9 tentacles (Shoals:1)
  A withered plant (D:15)
166 creatures vanquished.

Grand Total: 1862 creatures vanquished

Notes
Turn   | Place    | Note
-------+----------+-------------------------------------------
     0 | D:1      | frimble the Demonspawn Warper began the quest for the Orb.
     0 | D:1      | Reached XP level 1. HP: 16/16 MP: 3/3
   461 | D:1      | Gained mutation: When seriously injured, your blood forms
                  | armour. (AC +9) [demonic ancestry]
   461 | D:1      | Reached XP level 2. HP: 18/22 MP: 5/5
  1101 | D:1      | Gained mutation: When seriously injured, your blood forms
                  | thick armour. (AC +9) [demonic ancestry]
  1101 | D:1      | Reached XP level 3. HP: 26/27 MP: 6/6
  1381 | D:1      | Found Cunwoa Tadgha's Magic Scroll Boutique.
  1769 | D:2      | Found a faded altar of an unknown god.
  2306 | D:2      | Gained mutation: Your touch may inflict minor irresistible
                  | damage on your foes. [demonic ancestry]
  2306 | D:2      | Reached XP level 4. HP: 27/33 MP: 7/7
  2399 | D:2      | Reached skill level 1 in Throwing
  3955 | D:3      | Gained mutation: You may rarely emit foul miasma when
                  | damaged in melee. [demonic ancestry]
  3955 | D:3      | Reached XP level 5. HP: 38/38 MP: 8/8
  4641 | D:4      | Noticed a centaur
  5098 | D:4      | Noticed a necrophage
  5126 | D:4      | Killed a necrophage
  5127 | D:4      | Gained mutation: You sometimes emit foul miasma when
                  | damaged in melee. [demonic ancestry]
  5127 | D:4      | Reached XP level 6. HP: 23/44 MP: 9/9
  6010 | D:4      | Found an opulent altar of Gozag.
  6011 | D:4      | Found a sparkling altar of Nemelex Xobeh.
  6062 | D:4      | Identified a scroll of acquirement
  6062 | D:4      | Acquired the ring "Rysa" {Fly rC+ Int+9}
  6162 | D:4      | Learned a level 2 spell: Blink
  6166 | D:4      | Learned a level 3 spell: Frozen Ramparts
  6188 | D:4      | Reached skill level 5 in Long Blades
  6355 | D:5      | Entered Level 5 of the Dungeon
  6404 | D:5      | Reached skill level 1 in Ice Magic
  7007 | D:5      | Noticed an ice beast
  7024 | D:5      | Killed an ice beast
  7025 | D:5      | Reached XP level 7. HP: 50/50 MP: 10/10
  8642 | D:6      | Reached skill level 12 in Fighting
  8642 | D:6      | Gained mutation: Your touch may inflict irresistible damage
                  | on your foes. [demonic ancestry]
  8642 | D:6      | Reached XP level 8. HP: 33/76 MP: 11/11
  8937 | D:6      | Reached skill level 1 in Shields
  8942 | D:6      | Gained mutation: Your touch may irresistibly damage your
                  | foes and sap their willpower. [demonic ancestry]
  8942 | D:6      | Reached XP level 9. HP: 50/82 MP: 12/12
  9941 | D:6      | Found a staircase to the Ecumenical Temple.
 10085 | Temple   | Entered the Ecumenical Temple
 10335 | D:7      | Found a broken altar of Ashenzari.
 10335 | D:7      | Found a snail-covered altar of Cheibriados.
 10373 | D:7      | Became a worshipper of Cheibriados the Contemplative
 12189 | D:8      | Reached * piety under Cheibriados
 12190 | D:8      | Reached skill level 5 in Translocations
 12206 | D:8      | Gained mutation: Spells you cast may paralyse adjacent
                  | enemies. [demonic ancestry]
 12206 | D:8      | Reached XP level 10. HP: 30/89 MP: 5/13
 12379 | D:8      | Reached skill level 5 in Ice Magic
 13155 | D:8      | Reached ** piety under Cheibriados
 14104 | D:9      | Found a staircase to the Lair.
 14142 | D:9      | Noticed Maurice
 14180 | D:9      | Killed Maurice
 14580 | D:9      | Reached *** piety under Cheibriados
 14880 | D:9      | Reached skill level 1 in Invocations
 15035 | D:9      | Found a staircase to the Orcish Mines.
 15392 | D:9      | Reached skill level 1 in Stealth
 15392 | D:9      | Reached skill level 1 in Evocations
 15399 | D:9      | Gained mutation: Spells you cast may paralyse nearby
                  | enemies. [demonic ancestry]
 15399 | D:9      | Reached XP level 11. HP: 71/95 MP: 11/14
 15637 | D:10     | Entered Level 10 of the Dungeon
 15729 | D:10     | Reached **** piety under Cheibriados
 16200 | D:10     | Learned a level 4 spell: Passage of Golubria
 16554 | D:10     | Found a runed translucent gate.
 16554 | D:10     | Found a runed translucent gate.
 16554 | D:10     | Found a runed translucent gate.
 17086 | D:10     | Noticed HuGe's ghost (novice MiBe)
 17086 | D:10     | Noticed a 12-headed hydra
 17086 | D:10     | Noticed a ten-headed hydra
 17312 | D:11     | Noticed a two-headed ogre
 17320 | D:11     | Killed a two-headed ogre
 17480 | D:11     | Reached ***** piety under Cheibriados
 17741 | D:11     | Found a transporter.
 17742 | D:11     | Noticed a two-headed ogre
 17742 | D:11     | Noticed Alu Unuk's ghost (journeyman TrTm)
 17743 | D:11     | Noticed a two-headed ogre
 17809 | D:11     | Noticed a two-headed ogre
 17809 | D:11     | Identified the +7 dire flail "Xigell Loheq" {freeze, rElec
                  | rPois rCorr Int+7}
 17809 | D:11     | Noticed a two-headed ogre
 17824 | D:11     | Noticed a boulder beetle
 17837 | D:11     | Learned a level 3 spell: Ignite Poison
 17843 | D:11     | Killed a boulder beetle
 18045 | D:11     | Noticed a six-headed hydra
 18046 | D:11     | Noticed Josephine
 18054 | D:11     | Noticed a boulder beetle
 18065 | D:11     | Noticed a sun demon
 18086 | D:11     | Killed a boulder beetle
 18265 | D:11     | Killed Josephine
 18266 | D:11     | Reached skill level 1 in Transmutations
 18266 | D:11     | Reached skill level 1 in Fire Magic
 18266 | D:11     | Reached skill level 1 in Poison Magic
 18330 | D:11     | Killed a six-headed hydra
 18444 | D:11     | Noticed a white ugly thing
 18459 | D:11     | Killed a white ugly thing
 18928 | D:11     | Found a transporter.
 18954 | D:12     | Noticed a five-headed hydra
 18965 | D:12     | Killed a five-headed hydra
 18966 | D:12     | Reached XP level 12. HP: 86/102 MP: 13/15
 19124 | D:12     | Reached skill level 5 in Invocations
 19255 | D:12     | Noticed a two-headed ogre
 19262 | D:12     | Killed a two-headed ogre
 19882 | D:12     | Acquired 863 gold pieces
 20167 | D:1      | Bought 2 scrolls of teleportation for 84 gold pieces
 20167 | D:1      | Bought a scroll of acquirement for 728 gold pieces
 20167 | D:1      | Bought a scroll of teleportation for 42 gold pieces
 20167 | D:1      | Bought a scroll of enchant armour for 105 gold pieces
 20167 | D:1      | Bought a scroll of magic mapping for 49 gold pieces
 20167 | D:1      | Bought a scroll of identify for 28 gold pieces
 20167 | D:1      | Bought a scroll of identify for 28 gold pieces
 20167 | D:1      | Acquired the +6 double sword of Undoing {vorpal, rElec
                  | Str+4 Int+6 Dex-2}
 20795 | D:10     | Killed HuGe's ghost
 20811 | D:10     | Killed a ten-headed hydra
 20938 | D:10     | Killed a 12-headed hydra
 21073 | D:11     | Killed a two-headed ogre
 21073 | D:11     | Killed a two-headed ogre
 21074 | D:11     | Reached skill level 5 in Throwing
 21074 | D:11     | Killed a two-headed ogre
 21075 | D:11     | Killed a two-headed ogre
 21077 | D:11     | Killed Alu Unuk's ghost
 21287 | D:13     | Reached skill level 5 in Dodging
 21571 | D:13     | Noticed a centaur warrior
 21576 | D:13     | Killed a centaur warrior
 21856 | D:13     | Noticed a vault guard
 21919 | D:13     | Killed a vault guard
 21993 | D:13     | Noticed a vault guard
 22010 | D:13     | Killed a vault guard
 22011 | D:13     | Reached skill level 5 in Evocations
 22011 | D:13     | Reached XP level 13. HP: 66/108 MP: 15/17
 22936 | D:13     | Found a gate to the Vaults.
 22949 | D:13     | Reached skill level 5 in Stealth
 23452 | D:14     | Noticed Rupert
 23953 | D:15     | Entered Level 15 of the Dungeon
 24481 | D:15     | Noticed a ghoul
 24482 | D:15     | Noticed a ghoul
 24492 | D:15     | Killed a ghoul
 24498 | D:15     | Killed a ghoul
 24995 | D:15     | Found a runed translucent door.
 25110 | D:15     | Reached skill level 5 in Poison Magic
 25436 | D:15     | Found a staircase to the Depths.
 25436 | D:15     | Noticed a frost giant
 25446 | D:15     | Killed a frost giant
 25918 | D:15     | Reached ****** piety under Cheibriados
 26094 | D:15     | Gained mutation: You frequently emit foul miasma when
                  | damaged in melee. [demonic ancestry]
 26094 | D:15     | Reached XP level 14. HP: 92/115 MP: 20/20
 26188 | D:15     | Noticed a frost giant
 26197 | D:15     | Killed a frost giant
 26496 | Lair:1   | Entered Level 1 of the Lair of Beasts
 26619 | Lair:1   | Reached skill level 5 in Fire Magic
 27215 | Lair:1   | Found a runed translucent door.
 27215 | Lair:1   | Found a shimmering altar of Xom.
 27215 | Lair:1   | Noticed EonDragon20's ghost (journeyman DrFE)
 27513 | Lair:1   | Killed EonDragon20's ghost
 27514 | Lair:1   | Reached skill level 5 in Transmutations
 28403 | Lair:2   | Found a hole to the Spider Nest.
 29168 | Lair:3   | HP: 3/115 [komodo dragon (21)]
 29815 | Lair:3   | You are sucked into a shaft and drop 1 floor!
 30247 | Lair:4   | Found a staircase to the Shoals.
 30775 | Lair:3   | Found a snail-covered altar of Cheibriados.
 31861 | Lair:5   | Found a gate leading to a gauntlet.
 31887 | Gauntlet | Entered a Gauntlet
 31887 | Gauntlet | Found a transporter.
 31887 | Gauntlet | Found a transporter.
 31997 | Gauntlet | Found a transporter.
 32005 | Gauntlet | Found a transporter.
 32009 | Gauntlet | Found a transporter.
 32024 | Gauntlet | Found a transporter.
 32031 | Gauntlet | Found a transporter.
 32032 | Gauntlet | Found a transporter.
 32032 | Gauntlet | Found a transporter.
 32037 | Gauntlet | Found a transporter.
 32071 | Gauntlet | Found a transporter.
 32089 | Gauntlet | Found a transporter.
 32135 | Gauntlet | Found a transporter.
 32149 | Gauntlet | Found a transporter.
 32250 | Gauntlet | Found a transporter.
 32271 | Gauntlet | Found a transporter.
 32445 | Gauntlet | Identified the ring of Faorpham {rElec rF- rN++ Str+6
                  | Dex+4}
 32697 | Gauntlet | Identified the +0 cloak "Rokhurghoipe" {rCorr}
 32790 | Lair:5   | Found a runed translucent door.
 32875 | Lair:5   | Noticed Ziry's ghost (journeyman DgIE)
 32899 | Lair:5   | Killed Ziry's ghost
 33068 | Lair:5   | Reached XP level 15. HP: 120/120 MP: 18/22
 33070 | Lair:5   | Reached skill level 10 in Invocations
 33517 | Lair:6   | Entered Level 6 of the Lair of Beasts
 33959 | Lair:6   | Found a staircase to the Slime Pits.
 33960 | Lair:6   | Found a viscous altar of Jiyva.
 34145 | Lair:6   | Noticed Urug
 34161 | Lair:6   | Killed Urug
 35481 | Lair:6   | Found a runed translucent door.
 35511 | Lair:6   | Paralysed by a hornet for 1 turns
 35766 | Lair:6   | Paralysed by a hornet for 3 turns
 36325 | Lair:6   | Identified the +8 flail of Iqeph {vorpal, rF+ Dex+4}
 36717 | D:14     | Noticed a deep elf sorcerer
 37093 | D:14     | Killed Rupert
 37530 | D:14     | Killed a deep elf sorcerer
 38108 | D:14     | Reached skill level 10 in Long Blades
 38746 | Orc:1    | Entered Level 1 of the Orcish Mines
 39167 | Orc:2    | Entered Level 2 of the Orcish Mines
 39864 | Orc:2    | Found a staircase to the Elven Halls.
 40583 | Orc:2    | Found Ulofog's Magic Scroll Boutique.
 40583 | Orc:2    | Found Eboekk's General Store.
 40651 | Orc:2    | Bought a scroll of blinking for 112 gold pieces
 40660 | Orc:2    | Bought a potion of mutation for 112 gold pieces
 40726 | Orc:2    | Found Imesauz's Magic Scroll Boutique.
 40726 | Orc:2    | Found Meamasa's Assorted Antiques.
 40732 | Orc:2    | Bought a scroll of teleportation for 48 gold pieces
 40732 | Orc:2    | Bought a scroll of blinking for 120 gold pieces
 40732 | Orc:2    | Bought a scroll of blinking for 120 gold pieces
 40732 | Orc:2    | Bought a scroll of immolation for 56 gold pieces
 40732 | Orc:2    | Bought a scroll of immolation for 56 gold pieces
 40732 | Orc:2    | Bought a scroll of enchant armour for 120 gold pieces
 40741 | Orc:2    | Bought a knobbly jade ring for 160 gold pieces
 41461 | D:15     | Reached XP level 16. HP: 62/127 MP: 21/25
 41539 | D:15     | Learned a level 5 spell: Irradiate
 41738 | Spider:1 | Entered Level 1 of the Spider Nest
 41750 | Spider:1 | Reached skill level 1 in Conjurations
 42547 | Shoals:1 | Entered Level 1 of the Shoals
 43792 | Depths:1 | Entered Level 1 of the Depths
 43792 | Depths:1 | Found a broken altar of Ashenzari.
 43792 | Depths:1 | Found a gateway to Hell.
 43969 | D:15     | Reached skill level 13 in Fighting
 44471 | Elf:1    | Entered Level 1 of the Elven Halls
 44961 | Elf:1    | Got Duteykky's Catalogue of the Entourage
 45327 | Elf:2    | Reached skill level 14 in Fighting
 45369 | Elf:2    | Reached skill level 5 in Conjurations
 45547 | Elf:2    | Found Muji's Weapon Shop.
 45800 | Elf:2    | Identified the +11 flail of Fedhas {antimagic, Str+3 Dex+5}
 46065 | Elf:2    | Found a runed translucent gate.
 46065 | Elf:2    | Found a runed translucent gate.
 46066 | Elf:2    | Found a runed translucent gate.
 46123 | Elf:3    | Entered Level 3 of the Elven Halls
 46254 | Elf:3    | Paralysed by an air elemental for 1 turns
 46344 | Elf:3    | Found Qomaextu's Jewellery Boutique.
 46344 | Elf:3    | Found Bocenol's Book Emporium.
 46345 | Elf:3    | Found Vyaganat's Book Emporium.
 46351 | Elf:3    | Bought a book of Cantrips for 168 gold pieces
 46351 | Elf:3    | Bought a book of Burglary for 196 gold pieces
 46351 | Elf:3    | Bought the Unrestrained Analects for 616 gold pieces
 46445 | Elf:3    | Found Yblerous's General Store.
 46450 | Elf:3    | Bought the +8 autumn katana {vorpal, manifold assault} for
                  | 858 gold pieces
 46450 | Elf:3    | Found the +8 autumn katana {vorpal, manifold assault}
 46538 | Elf:3    | Identified the +2 scale mail of the Forest {Dex+4 Stlth+}
 46707 | Elf:3    | Noticed a deep elf blademaster
 46713 | Elf:3    | Gained mutation: Spells you cast and wands you use may
                  | paralyse nearby enemies. [demonic ancestry]
 46713 | Elf:3    | Reached XP level 17. HP: 99/140 MP: 22/26
 46718 | Elf:3    | Killed a deep elf blademaster
 46726 | Elf:3    | Noticed a Hell Sentinel
 46944 | Elf:3    | Identified the +0 plate armour "Ylekigr Joso" {Harm rC+
                  | Dex+6 Slay-6}
 46944 | Elf:3    | Noticed a deep elf blademaster
 46946 | Elf:3    | Noticed a deep elf master archer
 47010 | Elf:3    | Identified the +4 chain mail of Goweib Sisk {rF+ Str+4
                  | Dex+3}
 47010 | Elf:3    | Noticed a deep elf master archer
 47010 | Elf:3    | Identified the ring of Asceticism {rC- rN+ Will+ Str+4}
 47014 | Elf:3    | Killed a deep elf master archer
 47029 | Elf:3    | Killed a deep elf blademaster
 47332 | Elf:3    | Noticed an Ice Fiend
 47452 | Elf:3    | Killed a deep elf master archer
 47455 | Elf:3    | Noticed an Ice Fiend
 47464 | Elf:3    | Identified the ring "Gaerirgh" {rF+ Str+5}
 47468 | Elf:3    | Identified the ring of the King {+Blink Fly}
 47470 | Elf:3    | Reached skill level 15 in Fighting
 47652 | Elf:3    | Acquired the ring "Deoco" {Wiz rPois Will+}
 47672 | Elf:3    | Acquired 811 gold pieces
 47718 | Elf:3    | Got the Volume of Flames and the Escort
 47723 | Elf:3    | Identified the +10 fustibalus "Jellyslayer" {vorpal, Will+
                  | Str+2 Dex-3}
 47731 | Elf:3    | Got the Papyrus of Torrid Moulding
 47777 | Elf:3    | Got the Papyrus of Cankerous Enchantment
 48234 | Spider:1 | You fall into a shaft and drop 1 floor!
 48296 | Spider:2 | Learned a level 1 spell: Apportation
 48299 | Spider:2 | Learned a level 2 spell: Passwall
 48390 | Spider:2 | Found a frozen archway.
 48402 | IceCv    | Entered an ice cave
 48563 | IceCv    | Reached skill level 5 in Shields
 48957 | IceCv    | Found a viscous altar of Jiyva.
 48993 | IceCv    | Reached skill level 16 in Fighting
 48999 | IceCv    | Got Sif Muna's Handbook of the Snowflakes
 49004 | IceCv    | Got the ring of Darkness {rF+++ rC+ rCorr Slay-2}
 49604 | Spider:1 | Reached XP level 18. HP: 145/151 MP: 27/27
 49627 | Spider:1 | Noticed Mlioglotl
 49650 | Spider:1 | Killed Mlioglotl
 49822 | Spider:1 | Reached skill level 5 in Spellcasting
 51545 | Spider:3 | Reached skill level 17 in Fighting
 52068 | Spider:4 | Entered Level 4 of the Spider Nest
 52995 | Spider:4 | Got a gossamer rune of Zot
 53755 | Shoals:1 | Reached XP level 19. HP: 147/161 MP: 29/29
 55039 | Shoals:2 | Reached skill level 15 in Invocations
 56477 | Shoals:4 | Entered Level 4 of the Shoals
 56753 | Shoals:4 | Learned a level 8 spell: Ignition
 56771 | Shoals:4 | Reached skill level 10 in Fire Magic
 57268 | Shoals:4 | Reached skill level 10 in Shields
 57449 | Shoals:4 | Identified the +4 arbalest "Zukh" {freeze, rPois}
 57576 | Shoals:4 | Got a barnacled rune of Zot
 57577 | Shoals:4 | Identified the +0 plate armour of the Monkey's Uncle
                  | {Dex+3}
 58219 | Vaults:1 | Entered Level 1 of the Vaults
 58585 | Vaults:1 | Gained mutation: You are robust. (+10% HP) [demonic
                  | ancestry]
 58585 | Vaults:1 | Reached XP level 20. HP: 123/184 MP: 33/33
 58636 | Vaults:1 | Found a transporter.
 58649 | Vaults:1 | Noticed SirDiesAlot's ghost (adept MiDe)
 58657 | Vaults:1 | Found a transporter.
 59837 | Vaults:1 | Found Tiecaahy's Weapon Emporium.
 59838 | Vaults:1 | You are sucked into a shaft and drop 1 floor!
 61069 | Vaults:2 | Found Dolun's Weapon Boutique.
 62171 | Vaults:3 | Found a staircase to the Crypt.
 63210 | Vaults:4 | Acquired 714 gold pieces
 63231 | Vaults:4 | Reached XP level 21. HP: 161/192 MP: 34/34
 63523 | Vaults:4 | Noticed Mara
 63535 | Vaults:4 | Noticed frimble's illusion
 63939 | Vaults:4 | Noticed frimble's illusion
 63951 | Vaults:4 | Killed Mara
 64104 | Vaults:4 | Found a runed translucent door.
 64104 | Vaults:4 | Found a shimmering altar of Xom.
 64104 | Vaults:4 | Noticed Qanuace's ghost (veteran DsFi)
 64765 | Vaults:4 | Found a portal to a secret trove of treasure.
 64961 | Vaults:5 | Entered Level 5 of the Vaults
 64964 | Vaults:5 | Reached skill level 15 in Fire Magic
 65487 | Vaults:4 | Killed Qanuace's ghost
 65488 | Vaults:4 | Reached skill level 15 in Shields
 65636 | Vaults:5 | HP: 7/192 [yaktaur captain/bolt (45)]
 65640 | Vaults:4 | Killed from afar by a war gargoyle

Illustrated notes

Levels and vault maps discovered:
D:1:      erik_arrival_blinker_ship, layout_loops_ring, serial_shops, shop
D:2:      layout_basic, ebering_ecumenical_altar_petrified,
          minmay_fractal_squares_gapless_5
D:3:      layout_basic
D:4:      layout_gridville, grunt_temple_overflow_opulence
D:5:      layout_loops_corners
D:6:      layout_rooms, minmay_temple_entry_poolview
D:7:      layout_gridville, amethyst_overflow_temple_binary, serial_bayou_ford_a
D:8:      layout_basic, grunt_ministairs_3
D:9:      layout_irregular_city, grunt_lair_entry_orc_guard_hut, david_orc_5,
          uniq_maurice
D:10:     layout_basic, old_standard_altar, serial_rivers,
          chequers_serial_rivers_micro_b, chequers_serial_rivers_micro_b,
          chequers_serial_rivers_small_b, chequers_serial_rivers_room_a,
          special_room [special_room_orc], gammafunk_ghost_hydra_chop
D:11:     layout_cave_pods, gammafunk_ghost_smash, serial_column_ruins,
          column_ruins_square_small, column_ruins_open_medium,
          column_ruins_open_tiny, column_ruins_columns_T,
          column_ruins_columns_straight, uniq_josephine
D:12:     layout_rooms
D:13:     layout_cave_pods, grunt_vaults_entry_fortified
D:14:     layout_layer_cave, kennysheep_big_empty_room, uniq_rupert
D:15:     grunt_enter_depths_snipers, layout_basic, serial_undead,
          serial_undead_f, serial_undead_a, serial_undead_d, serial_undead_b,
          serial_undead_c, minivault_23, minivault_25_ag, drop_trap,
          minmay_st_funbox, hangedman_abyss_or_decor_stabs
Temple:   minmay_crystal_spiral_temple
Lair:1:   layout_loops_ring, ebering_ghost_xom, worms_lemuel,
          infiniplex_staircase_pool_2
Lair:2:   layout_misc_corridors, dummy_spider_entry
Lair:3:   layout_loops_ring, kennysheep_snail_temple, grunt_megastairs_5
Lair:4:   layout_regular_city, shoals_dummy_entry, lemuel_fruit_tree
Lair:5:   layout_misc_corridors, gauntlet_entry_generic,
          ebering_ghost_inner_flame, hibernation_bobbens
Lair:6:   wormcave, layout_hall_layers, hangedman_lair_caniforms_friends,
          slime_altar_1, uniq_urug
Shoals:1: layout_shoals
Shoals:2: layout_shoals
Shoals:3: layout_shoals, nicolae_shoals_loop_pool
Shoals:4: shoals_end_hellmonk_lost_city
Spider:1: layout_spider_delve, uniq_mlioglotl
Spider:2: layout_spider_delve, portal_ice_cave_entry_pillars_1, drop_trap,
          nicolae_spider_bug_shape
Spider:3: layout_spider_delve, guppyfry_spider_mini_1
Spider:4: grunt_spider_rune_parallel
Orc:1:    layout_diamond_mine
Orc:2:    st_orc_town, layout_diamond_mine, nicolae_orc_tapped_out
Elf:1:    eino_elf_arrival_sip, layout_geoelf_octagon, minmay_elf_demonology
Elf:2:    elven_hall_of_blades_hangedman_original
          [infiniplex_blade_entry_pillars], layout_geoelf_diagonals,
          serial_shops, nicolae_shop_temple_entry_statues_fountains,
          evilmike_ambush [evilmike_ambush_outer_corners,
          evilmike_ambush_inner_basic], uniq_saint_roka
Elf:3:    elf_hall, layout_geoelf_octagon, serial_shops, shop_fountains,
          minmay_shop_grove
Vaults:1: gammafunk_ghost_arena, v_misc_10, v_misc_15, v_pattern_5,
          ontoclasm_vaults_tryst, ontoclasm_vaults_pinch,
          hangedman_vaults_stagger, nicolae_vaults_twisting_passages, v_misc_2,
          ontoclasm_vaults_chip, layout_vaults_ring, serial_shops, shop
Vaults:2: v_misc_3, vaults_room_pool, nicolae_vaults_angled_halls, v_misc_5,
          nicolae_vaults_display_case, nicolae_vaults_little_squares_1,
          hangedman_vaults_stretched_pinwheel, nicolae_vaults_what_the_h,
          v_pattern_4, ontoclasm_vaults_gateway, layout_vaults_chaotic_city,
          serial_shops, nicolae_shop_trees
Vaults:3: v_rooms_4, hangedman_vaults_pinch, minmay_crypt_entry_vampire_xt,
          hangedman_vaults_snaps, v_misc_10, nicolae_vaults_little_squares_2,
          vaults_room_semicircle, layout_vaults_omnigrid
Vaults:4: ebering_ghost_xom, v_misc_19, nicolae_vaults_three_branches,
          hangedman_vaults_locks, grunt_vaults_twisty, v_misc_16,
          nicolae_vaults_disjoint_gnomons, ontoclasm_vaults_bender,
          hangedman_vaults_slice, hangedman_vaults_maws,
          vaults_room_fancy_cross, nicolae_vaults_specimen_jars,
          layout_vaults_omnicross, enter_trove_1, uniq_mara
Vaults:5: serial_shops, uniq_xtahua
Depths:1: thingy_vault, layout_cave_shapes, enter_ziggurat_c, serial_shops,
          nicolae_shop_overgrown_old_shop, corexii_hall_statues_l,
          abyss_entry_small_statue_room, pf_hell_entry_tar_river,
          kennysheep_doodads, grunt_decor_junction, kennysheep_nondescript,
          ashenzari_altar_1

Skill      XL: |  1  2  3  4  5  6  7  8  9 10 11 12 13 14 15 16 17 18 19 20 21 |
---------------+----------------------------------------------------------------+-----
Long Blades    | 2 3 4 5 6 7 8 9 10 12 14 | 14.0
Dodging        | 2 4 5 6 7 8 |  8.5
Throwing       | 1 3 4 5 6 7 8 |  8.6
Ice Magic      | 1 2 3 4 6 7 |  7.0
Translocations | 3 5 6 |  6.5
Fighting       | 12 14 16 17 | 17.4
Shields        | 1 3 4 5 8 10 13 15 | 15.0
Invocations    | 1 4 6 8 9 12 14 15 | 15.0
Stealth        | 1 3 4 6 7 8 |  8.6
Evocations     | 1 3 5 6 7 9 |  9.6
Transmutations | 1 3 4 5 |  5.3
Fire Magic     | 1 3 4 5 6 8 11 13 15 | 15.7
Poison Magic   | 1 3 5 |  5.5
Conjurations   | 6 |  6.0
Spellcasting   | 4 7 9 |  9.0
Armour         | |  0.8

Action                   |  1- 3 |  4- 6 |  7- 9 | 10-12 | 13-15 | 16-18 | 19-21 || total
-------------------------+-------+-------+-------+-------+-------+-------+-------++-------
Melee: Falchion          |   142 |   197 |   257 |   191 |       |       |       ||   787
       Touch             |       |    42 |    48 |     8 |       |       |       ||    98
       Scimitar          |       |       |       |    98 |       |       |       ||    98
       Long sword        |       |       |       |   210 |       |       |       ||   210
       Double sword      |       |       |       |    76 |  1052 |   244 |       ||  1372
       Katana            |       |       |       |       |       |  1075 |  1491 ||  2566
Throw: Javelin           |       |     3 |       |       |     7 |    20 |       ||    30
       Dart              |       |     4 |       |     4 |     4 |       |       ||    12
       Throwing net      |       |     2 |       |       |       |       |       ||     2
       Boomerang         |       |       |       |   140 |   120 |   110 |   126 ||   496
 Cast: Frozen Ramparts   |       |       |     6 |    21 |    31 |    33 |    21 ||   112
       Blink             |       |       |     3 |    24 |    37 |    16 |    20 ||   100
       Passage of Golubr |       |       |       |     4 |       |    18 |       ||    22
       Ignite Poison     |       |       |       |       |     1 |       |       ||     1
       Apportation       |       |       |       |       |       |     1 |     1 ||     2
       Passwall          |       |       |       |       |       |     1 |       ||     1
       Irradiate         |       |       |       |       |       |     5 |       ||     5
       Ignition          |       |       |       |       |       |       |    30 ||    30
Invok: Slouch            |       |       |       |     1 |     1 |    13 |     6 ||    21
       Temporal Distorti |       |       |       |       |     2 |     2 |     2 ||     6
       Step From Time    |       |       |       |       |     1 |       |     1 ||     2
Evoke: Wand              |       |       |     5 |    23 |    17 |    13 |     9 ||    67
       Condenser vane    |       |       |       |       |     3 |     4 |     3 ||    10
       Box of beasts     |       |       |       |       |     2 |     5 |     1 ||     8
       Tin of tremorston |       |       |       |       |       |     2 |     7 ||     9
  Use: Scroll            |     2 |     7 |     3 |    11 |    15 |    11 |     2 ||    51
       Potion            |       |     1 |     5 |     2 |     2 |     5 |     4 ||    19
 Stab: Paralysed         |       |       |       |     6 |    15 |    17 |    24 ||    62
       Distracted        |       |       |       |     3 |     8 |     6 |     4 ||    21
       Sleeping          |       |       |       |     1 |    21 |    18 |    20 ||    60
       Held in net/web   |       |       |       |       |       |     1 |       ||     1
       Invisible         |       |       |       |       |       |       |     4 ||     4
Armor: Leather armour    |    56 |    62 |    37 |       |       |       |       ||   155
       Robe              |       |       |    94 |   287 |   233 |    26 |       ||   640
       Acid dragon scale |       |       |       |       |    83 |       |       ||    83
       Troll leather arm |       |       |       |       |       |   294 |   232 ||   526
Dodge: Dodged            |   109 |   142 |   210 |   485 |   872 |   768 |   730 ||  3316
Block: Buckler           |       |       |       |   207 |   607 |   692 |   796 ||  2302
       Reflection        |       |       |       |       |     2 |    24 |   111 ||   137

Table legend: (Time is in decaauts)
 A = Elapsed time spent in this place.
 B = Non-inter-level travel time spent in this place.
 C = Inter-level travel time spent in this place.
 D = Time resting spent in this place.
 E = Time spent auto-exploring this place.
 F = Levels seen in this place.
 G = Mean time per level.
                   A        B        C        D        E       F      G
               +--------+--------+--------+--------+--------+-----+--------+
         Total |  89559 |  81118 |   8441 |   2495 |  65157 |  43 | 2082.8 |
       Dungeon |  36411 |  31876 |   4535 |   1465 |  26258 |  15 | 2427.4 |
        Temple |    210 |    126 |     84 |      0 |    111 |   1 |  210.0 |
          Lair |  14786 |  13139 |   1647 |    329 |  11018 |   6 | 2464.3 |
        Shoals |   7527 |   7259 |    268 |    436 |   5108 |   4 | 1881.8 |
   Spider Nest |   7337 |   6834 |    503 |     86 |   5162 |   4 | 1834.2 |
  Orcish Mines |   4267 |   3731 |    536 |    127 |   2755 |   2 | 2133.5 |
   Elven Halls |   5492 |   5105 |    387 |     52 |   3938 |   3 | 1830.7 |
        Vaults |  11018 |  10543 |    475 |      0 |   9067 |   5 | 2203.6 |
        Depths |     21 |     21 |      0 |      0 |      0 |   1 |   21.0 |
      Ice Cave |   1103 |   1103 |      0 |      0 |    712 |   1 | 1103.0 |
      Gauntlet |   1382 |   1382 |      0 |      0 |   1027 |   1 | 1382.0 |
               +--------+--------+--------+--------+--------+-----+--------+

Top non-repeatable levels by time:
    D:15: 4217 daAuts
    D:14: 4039 daAuts
Vaults:4: 3843 daAuts
  Lair:6: 3726 daAuts
    D:10: 3164 daAuts
    D:13: 3026 daAuts
   Orc:2: 2903 daAuts
    D:11: 2901 daAuts
     D:9: 2849 daAuts
  Lair:2: 2819 daAuts
   Elf:3: 2732 daAuts
Vaults:2: 2588 daAuts
  Lair:3: 2521 daAuts
Shoals:1: 2431 daAuts
Spider:2: 2371 daAuts
